 Dungeon Crawl Stone Soup version 0.19-a0-1879-gd95bc26 (webtiles) character file.

173 Minion the Poker (level 5, -6/41 HPs)
             Began as a Mummy Chaos Knight on Oct 14, 2016.
             Mangled by an orc warrior
             ... wielding a +0 long sword
             ... summoned by Xom
              (22 damage)
             ... on level 3 of the Dungeon.
             The game lasted 00:09:17 (2892 turns).

Minion the Poker (Mummy Chaos Knight)               Turns: 2892, Time: 00:09:18

Health: -6/41      AC:  9    Str: 16    XL:     5   Next: 28%
Magic:  5/5        EV:  7    Int: 11    God:    Xom [.....*]
Gold:   109        SH:  0    Dex: 12    Spells: 0 memorised, 4 levels left

rFire  x . .     SeeInvis .     a - +0 spear (chaos)
rCold  + . .     Gourm    .     h - +0 chain mail
rNeg   + + +     Faith    .     (no shield)
rPois  ∞         Spirit   .     f - +0 helmet
rElec  .         Dismiss  .     (no cloak)
rCorr  .         Reflect  .     (no gloves)
MR     .....     Harm     .     (no boots)
Stlth  ..........               (no amulet)
                                (no ring)
                                (no ring)

@: no status effects
A: no food or potions, fire vulnerability, cold resistance 1, negative energy
resistance 3, torment resistance, unbreathing
a: Renounce Religion


You were on level 3 of the Dungeon.
You worshipped Xom.
You were Xom's teddy bear.
You were not hungry.

You visited 1 branch of the dungeon, and saw 3 of its levels.

You collected 109 gold pieces.

Inventory:

Hand Weapons
 a - a +0 spear of chaos (weapon)
Armour
 f - a +0 helmet (worn)
 h - a +0 chain mail (worn)
Scrolls
 b - a scroll of teleportation
 c - a scroll of enchant weapon {unknown}
 d - a scroll of recharging
 e - a scroll of identify


   Skills:
 - Level 3.0 Fighting
 * Level 4.2 Polearms
 - Level 1.5 Armour
 + Level 2.5 Dodging


You had 4 spell levels left.
You didn't know any spells.

Dungeon Overview and Level Annotations

Branches:
Dungeon (3/15)

Altars:
Trog
Yredelemnul

Annotations:
D:3 Grinder


Innate Abilities, Weirdness & Mutations

You do not eat or drink.
Your flesh is vulnerable to fire.
You are immune to poison.
Your flesh is cold resistant. (rC+)
You are immune to negative energy. (rN+++)
You are immune to unholy pain and torment.
You can survive without breathing.


Message History

A bat comes into view.
The bat hits you but does no damage. x2
Grinder gestures at you.
You are unaffected.
You hit the bat but do no damage. The bat closely misses you.
The hobgoblin hits you but does no damage.
The orc warrior hits you but does no damage.
You hit the bat. You freeze the bat.
The bat is severely wounded.
The bat hits you but does no damage. x2; The hobgoblin hits you with a club.
The orc warrior closely misses you. Grinder hits you but does no damage.
You hit the bat but do no damage.
The bat is severely wounded.
The bat hits you but does no damage. The orc hits you but does no damage.
The hobgoblin hits you with a club. The bat hits you but does no damage.
The orc warrior hits you with a long sword!!
Ouch! That really hurt!
You die...
Xom thinks this is hilarious!

.....# #.....#
..)..##### #?....#
.........# #.....#
.....###.# #.....#
###.#..#.# #.....#
#.#....# #.....#
###.#.######...g5#
#.....oo..†o.hoo.#
#....o######.o.o@#
#.....#
####.........
#.....# #b........
#####.# #.........
#.# #......... #.#
#......... ..
#.........
#....#####


You could see Grinder, an orc warrior, an orc priest, 3 orcs, a jackal
(petrified), a hobgoblin and a bat.

Vanquished Creatures
  An orc priest (D:3)
  Robin (D:2)
  4 gnolls
  2 adders (D:2)
  4 dart slugs
  2 leopard geckos (D:1)
  3 orcs (D:3)
  An orc (shapeshifter) (D:1)
  A giant cockroach (D:2)
  9 hobgoblins
  6 jackals
  4 bats
  2 frilled lizards (D:2)
  13 goblins
  6 kobolds
  3 rats
62 creatures vanquished.

Notes
Turn   | Place    | Note
-------+----------+-------------------------------------------
     0 | D:1      | Minion the Mummy Chaos Knight began the quest for the Orb.
     0 | D:1      | Reached XP level 1. HP: 18/18 MP: 1/1
    92 | D:1      | XOM: butterfly on damage
    98 | D:1      | Reached skill level 1 in Dodging
    98 | D:1      | Reached XP level 2. HP: 5/24 MP: 2/2
   442 | D:1      | Reached skill level 3 in Polearms
   635 | D:1      | Reached XP level 3. HP: 29/29 MP: 3/3
   789 | D:1      | XOM: divination: magic mapping
   888 | D:1      | XOM: divination: magic mapping
  1264 | D:2      | Found a basalt altar of Yredelemnul.
  1305 | D:2      | Noticed Robin
  1329 | D:2      | Killed Robin
  1329 | D:2      | Reached XP level 4. HP: 4/35 MP: 4/4
  1923 | D:2      | Found a bloodstained altar of Trog.
  2072 | D:2      | XOM: silly message
  2220 | D:2      | XOM: enchant monster (bad)
  2399 | D:2      | Reached skill level 4 in Polearms
  2438 | D:2      | XOM: summons 4 hostile shadow creatures
  2459 | D:2      | XOM: harmless Erth miscast
  2655 | D:3      | Reached XP level 5. HP: 39/41 MP: 5/5
  2839 | D:3      | XOM: confusion
  2861 | D:3      | Noticed Grinder
  2875 | D:3      | XOM: summons 3 hostile shadow creatures
  2876 | D:3      | Noticed an orc warrior
  2892 | D:3      | Mangled by an orc warrior

Vault maps used:
D:1:      evilmike_arrival_home_sweet_home, minmay_misc_feat_square
D:2:      lemuel_round_altar, lemuel_round_altar, hangedman_decor_peaks_small,
          uniq_robin
D:3:      first_bread, uniq_grinder

Skill      XL: |  1  2  3  4 |
---------------+-------------+-----
Dodging        | 1 2 |  2.5
Polearms       | 3 4 |  4.2
Fighting       | |  3.0
Armour         | |  1.5

Action                   |  1- 3 |  4- 6 || total
-------------------------+-------+-------++-------
Melee: Spear             |   121 |   157 ||   278
  Use: Scroll            |     4 |     1 ||     5
 Stab: Paralysed         |     2 |       ||     2
       Petrified         |     5 |       ||     5
       Petrifying        |     1 |     1 ||     2
Armor: Leather armour    |     9 |       ||     9
       Chain mail        |    39 |    84 ||   123
Dodge: Dodged            |    37 |    54 ||    91
